Map: Port Aleksander LE

Players

AlphaGo (Guru)

  • Race: Zerg Zerg
  • League: Master
  • Spawn Location: 11:00

Lambo - Winner!

  • Race: Zerg Zerg
  • League: Master
  • Spawn Location: 5:00

VOD

Have the link to the VOD?

Description

Time

  • Played on: Jan. 26, 2019, 10:06 a.m.
  • Length: 11:25
Show
View Real Time Build Order
Export as new Build Order

AlphaGo Zerg 

Build Orders: Hatch First 

Get SALT Encoding   

  12  0:01  Drone  
  13  0:13  Overlord  
  13  0:20  Drone  
  14  0:32  Drone x2  
  16  0:37  Drone  
  17  0:53  Hatchery  
  17  0:56  Drone  
  17  1:01  Drone  
  18  1:10  Extractor  
  17  1:15  Spawning Pool  
  16  1:19  Drone  
  16  1:21  Drone  
  18  1:29  Drone  
  19  2:03  Queen  
  19  2:04  Zergling x2  
  19  2:05  Queen  
  19  2:06  Drone x3  
  27  2:11  Metabolic Boost  
  27  2:15  Overlord  
  27  2:17  Drone  
  28  2:35  Hatchery  
  28  2:36  Drone  
  28  2:39  Drone  
  28  2:41  Drone  
  30  2:48  Baneling Nest  
  30  2:50  Drone  
  30  2:59  Overlord  
  30  3:03  Queen  
  32  3:08  Drone  
  32  3:09  Drone x2  
  35  3:15  Drone  
  35  3:18  Drone x2  
  35  3:19  Drone  
  39  3:21  Zergling x2  
  39  3:26  Overlord  
  40  3:28  Drone  
  40  3:31  Drone  
  42  3:35  Baneling x2  
  42  3:36  Overlord  
  42  3:45  Extractor  
  42  3:47  Drone x3  
  44  3:49  Drone  
  44  3:50  Zergling x6  
  48  3:59  Evolution Chamber, Overlord  
  47  4:04  Zergling x6  
  47  4:05  Zergling x2  
  47  4:07  Overlord  
  47  4:09  Drone  
  52  4:13  Drone  
  52  4:17  Drone  
  54  4:19  Drone  
  55  4:24  Drone  
  55  4:25  Roach Warren, Drone x2  
  55  4:27  Drone x2  
  59  4:31  Drone  
  59  4:37  Lair  
  60  4:38  Drone  
  60  4:39  Drone  
  60  4:42  Overlord  
  60  4:44  Drone  
  63  4:48  Baneling x2  
  63  4:52  Drone x3  
  66  4:58  Drone x2  
  66  4:59  Drone x4  
  71  5:03  Overlord  
  71  5:04  Overlord  
  71  5:08  Overlord  
  71  5:11  Overlord  
  71  5:13  Extractor x2  
  67  5:16  Drone x2, Extractor  
  67  5:17  Drone x2, Extractor  
  67  5:19  Drone  
  70  5:23  Drone x2  
  72  5:30  Drone x3  
  72  5:31  Drone x2  
  72  5:33  Drone x2  
  79  5:37  Spire  
  79  5:39  Drone  
  79  5:49  Drone, Overlord  
  79  5:50  Overlord  
  79  5:54  Overlord  
  79  6:00  Overlord  
  79  6:06  Overlord  
  78  6:13  Zergling x2  
  78  6:14  Zergling x14  
  78  6:18  Queen  
  88  6:25  Hatchery  
  87  6:27  Overlord  
  87  6:28  Zerg Missile Weapons Level 1  
  87  6:30  Overlord  
  87  6:36  Overlord  
  87  6:37  Queen  
  89  6:49  Mutalisk x3  
  89  6:50  Mutalisk x7  
  107  6:54  Mutalisk x3  
  107  6:58  Mutalisk  
  107  7:16  Drone x2  
  107  7:17  Drone  
  107  7:18  Drone x3  
  107  7:22  Drone x2  
  100  7:23  Drone x2  
  100  7:28  Zerg Flyer Weapons Level 1  
  102  7:30  Drone x3  
  102  7:33  Drone  
  102  7:36  Mutalisk x2  
  102  7:37  Mutalisk x2  
  106  7:40  Drone x2  
  106  7:42  Drone x2  
  118  7:50  Mutalisk x2  
  122  7:51  Overlord  
  122  7:57  Mutalisk  
  121  8:03  Mutalisk  
  122  8:07  Roach x3  
  128  8:13  Drone x2  
  128  8:14  Glial Reconstitution, Drone x7  
  128  8:18  Overlord  
  137  8:24  Roach x2  
  141  8:35  Roach x5  
  141  8:36  Roach x4  
  159  8:42  Roach x3  
  159  8:45  Roach x2  
  169  8:50  Roach x2  
  169  8:51  Roach x2  
  169  8:53  Roach  
  179  8:56  Overlord  
  179  9:00  Overlord  
  179  9:08  Roach x2  
  179  9:09  Hydralisk Den  
  184  9:10  Ravager x3  
  184  9:15  Extractor  
  184  9:18  Extractor  
  184  9:19  Drone x3  
  184  9:23  Drone x3  
  190  9:31  Drone  
  190  9:32  Evolution Chamber  
  191  9:38  Roach x2  
  191  9:39  Roach x3  
  199  9:54  Hydralisk x3  
  188  10:01  Hydralisk x6  
  200  10:11  Hydralisk  
  200  10:24  Overseer  
  200  10:28  Hydralisk x3  
  191  10:30  Hydralisk x3  
  191  10:35  Hydralisk x2  
  195  10:42  Hydralisk  
  173  10:44  Roach x2  
  173  10:45  Roach x5  
  173  10:48  Roach  
  191  10:53  Hydralisk x2  
  191  10:55  Hydralisk  
  197  10:59  Hydralisk  
Show
View Real Time Build Order
Export as new Build Order

Lambo Zerg - Winner!

Build Orders: Hatch First, Zergling Baneling 

Get SALT Encoding   

  12  0:01  Drone  
  13  0:14  Overlord  
  13  0:19  Drone  
  16  0:35  Drone x2  
  16  0:53  Hatchery  
  16  0:54  Drone  
  16  0:57  Drone  
  16  1:02  Drone  
  18  1:11  Extractor  
  17  1:17  Spawning Pool  
  16  1:20  Drone  
  16  1:23  Drone  
  18  1:29  Drone  
  19  1:40  Drone  
  20  1:53  Drone  
  21  2:05  Drone, Queen x2  
  21  2:06  Overlord  
  26  2:12  Metabolic Boost  
  26  2:14  Drone  
  27  2:16  Drone  
  28  2:25  Drone  
  28  2:27  Drone  
  30  2:34  Zergling x2  
  31  2:37  Zergling x2  
  31  2:42  Hatchery  
  31  2:48  Drone x2  
  33  2:53  Baneling Nest  
  33  2:56  Overlord  
  32  3:05  Zergling x2  
  33  3:08  Drone  
  34  3:13  Drone  
  34  3:15  Drone x4  
  34  3:16  Drone  
  34  3:19  Drone  
  41  3:23  Overlord  
  41  3:26  Drone  
  42  3:30  Drone  
  42  3:31  Evolution Chamber  
  42  3:35  Zergling x2  
  42  3:40  Zergling x2  
  44  3:43  Drone  
  44  3:45  Queen  
  47  3:49  Drone x3  
  47  3:52  Overlord  
  47  3:54  Drone x2  
  52  3:55  Drone  
  52  4:00  Zerg Missile Weapons Level 1  
  53  4:03  Drone x2  
  53  4:04  Extractor x2  
  53  4:07  Overlord  
  53  4:08  Drone  
  54  4:10  Drone  
  54  4:17  Drone x4  
  54  4:19  Drone  
  54  4:24  Baneling x2  
  59  4:27  Zergling x10  
  59  4:28  Baneling  
  59  4:29  Baneling  
  64  4:38  Roach Warren  
  63  4:39  Zergling x2  
  63  4:40  Baneling x2, Zergling x4  
  66  4:52  Drone x3  
  67  4:53  Baneling x3  
  67  4:55  Drone  
  67  4:59  Drone x6  
  74  5:08  Queen  
  74  5:10  Drone x3  
  74  5:12  Lair  
  74  5:14  Extractor, Pneumatized Carapace  
  73  5:16  Drone  
  73  5:17  Extractor  
  73  5:18  Extractor  
  73  5:19  Baneling x2, Overlord  
  72  5:24  Drone x2  
  74  5:30  Overlord  
  74  5:36  Overlord  
  74  5:40  Drone x6, Hatchery  
  79  5:46  Roach x2  
  79  5:49  Roach  
  85  5:50  Roach  
  85  5:54  Roach x2  
  85  5:56  Overlord  
  89  5:57  Roach x2  
  89  6:03  Drone  
  94  6:06  Evolution Chamber, Overlord  
  93  6:12  Roach x2  
  93  6:15  Overseer  
  93  6:16  Overlord  
  97  6:20  Overlord x2  
  97  6:23  Overlord  
  97  6:28  Zerg Missile Weapons Level 2, Roach x3  
  103  6:32  Zerg Ground Armor Level 1  
  103  6:34  Glial Reconstitution  
  103  6:39  Roach x5  
  113  6:44  Overlord  
  113  6:46  Roach x3  
  119  6:51  Drone  
  119  6:52  Spire  
  119  7:01  Drone x2  
  119  7:02  Drone x2  
  119  7:03  Drone x2  
  119  7:07  Roach  
  119  7:08  Roach x2  
  129  7:20  Overlord  
  129  7:22  Spore Crawler  
  127  7:23  Spore Crawler  
  127  7:24  Spore Crawler  
  127  7:25  Overlord  
  127  7:27  Spore Crawler x2  
  127  7:28  Overlord  
  123  7:35  Overlord x2  
  119  8:03  Corruptor x9  
  136  8:07  Queen  
  136  8:09  Corruptor  
  138  8:14  Extractor  
  138  8:15  Extractor  
  138  8:18  Corruptor  
  139  8:27  Corruptor  
  139  8:31  Corruptor x2  
  138  8:37  Corruptor  
  138  8:38  Extractor  
  138  8:39  Extractor  
  138  8:41  Drone x3  
  141  8:48  Spore Crawler  
  140  8:49  Corruptor  
  140  8:54  Drone  
  140  8:55  Drone x2  
  145  8:59  Corruptor  
  148  9:10  Roach x8  
  148  9:12  Spine Crawler  
  148  9:14  Spine Crawler  
  148  9:16  Overlord x2  
  148  9:17  Overlord  
  162  9:20  Roach x2  
  162  9:21  Roach x2  
  170  9:25  Overlord  
  170  9:26  Overlord  
  170  9:33  Overlord  
  170  9:37  Ravager  
  170  9:38  Roach x4  
  179  9:41  Overlord  
  179  9:43  Roach  
  179  9:44  Roach x3  
  187  9:46  Roach  
  187  9:47  Roach  
  187  9:50  Roach x2  
  195  9:58  Roach x4  
  189  10:00  Roach  
  189  10:03  Ravager  
  189  10:04  Roach  
  189  10:06  Roach x2  
  198  10:15  Ravager x2  
  190  10:28  Roach  
  190  10:29  Roach x3  
  190  10:33  Roach  
  190  10:34  Roach x3  
  200  10:40  Roach  
  192  10:50  Ravager x2  
  192  10:51  Ravager  
  195  10:58  Ravager  
  195  10:59  Hatchery  
  195  11:03  Roach x2  
Tags
 
Add a new tag
Caveats
  • Supply blocks, unpowered buildings, or Contaminate may cause inaccurate times.
  • Supply counts are checked every 10 seconds.